[Event "Early-Titled-Tuesday-Blitz-October-10-2023"]
[Site "Chess.com"]
[Date "2023.10.10"]
[Round "4"]
[White "lluiss"]
[Black "szachmistrz2500"]
[Result "1-0"]
[WhiteElo "2190"]
[BlackElo "2432"]
[TimeControl "180+1"]
[EndTime "8:38:12 PDT"]
[Termination "lluiss won by resignation"]

1. Nf3 c5 2. c4 g6 3. d4 Bg7 4.
e4 cxd4 5. Nxd4 Nc6 6. Be3 Nf6 7. Nc3 d6 8. Be2 O-O 9. O-O Nxd4 10. Bxd4 Be6 11. f3 a6 12. Qd2 Rc8 13. b3 Nd7 14.
Bxg7 Kxg7 15. Qd4+ f6 16. b4 Ne5 17. Nd5 Nc6 18. Qf2 Bxd5 19. cxd5 Nxb4 20. Rab1 Nxa2 21. Rxb7 Rc2 22. Qe3 Kf7 23. Ra1 Qc8 24. Bxa6 Rc1+ 25.
Rxc1 Qxc1+ 26. Qxc1 Nxc1 27. Rb1 Nd3 28. Bxd3 Rc8 29. Rb2 Rc3 30. Be2 Ra3 31. Kf2 h5 32. h4 g5 33. hxg5 fxg5 34. Rb8 Kf6 35. Rh8 h4 36. Rh6+ Kf7 37. Re6 Rb3 38. e5 dxe5 39. Rxe5 Kf6 40. Re3 Rb2 41. Re6+ Kf7 42. Ke3 Ra2 43. Kd4 Rb2 44. Re5 Kf6 45. Re4 Rb4+ 46.
Ke3 Rb2 47. Kf2 Ra2 48. Re6+ Kf7 49. Rb6 Rd2 50. Rb5 Kf6 51. Ke3 Ra2 52. Kf2 Rc2 53. Ra5 Rb2 54. Ke3 Rc2 55. Ra1 Rb2 56. Rg1 Ke5 57. g3 hxg3 58. Rxg3 Kxd5 59. Rxg5+ Ke6 60. Rg4 Rb3+ 61. Bd3 Kf6 62. Re4 e5 63. Rc4 Rb6 64. Rc3 Rd6 65. Ra3 Rb6 66. Ra6 Rxa6 67. Bxa6 Kf5 68.
Bd3+ Kf6 69. Ke4 Ke6 70. Bc4+ Kd6 71. Bf7 1-0

[Event "Early-Titled-Tuesday-Blitz-October-10-2023"]
[Site "Chess.com"]
[Date "2023.10.10"]
[Round "4"]
[White "MatthewG-p4p"]
[Black "TatjanaVasilevich"]
[Result "0-1"]
[WhiteElo "2823"]
[BlackElo "2601"]
[TimeControl "180+1"]
[EndTime "8:38:13 PDT"]
[Termination "TatjanaVasilevich won by checkmate"]

1. e4 e5 2. Nf3 Nc6 3. d4 exd4 4. Nxd4 Nf6 5. Nxc6 bxc6 6. e5 Nd5 7. c4 Nb6 8. Bd3 d6 9. exd6 cxd6 10. O-O Be7 11. Qf3 O-O 12. Qxc6 Be6 13. Nc3 Rc8 14. Qe4 g6 15.
Bh6 Re8 16. Rad1 Nxc4 17. Nd5 Bxd5 18. Qxd5 Nxb2 19. Rb1 Nxd3 20. Qxd3 Bf6 21. Rfd1 Rb8 22. g3 Rxb1 23. Rxb1 d5 24. Rb7 Re7 25. Rxe7 Bxe7 26. Qd4 Bf6 27. Qxa7 d4 28. a4 d3 29. Bd2 Qc8 30. Qe3 Qc4 31. a5 Bd4 32. Qf4 Qc2 33.
a6 Qc5 34. Qf3 Qb5 35. Qe4 Bb6 36. Bh6 Bd8 37. a7 d2 38. a8=Q d1=Q+ 39. Kg2 Qbf1# 0-1

[Event "Early-Titled-Tuesday-Blitz-October-10-2023"]
[Site "Chess.com"]
[Date "2023.10.10"]
[Round "4"]
[White "ama18"]
[Black "Man-Chuk"]
[Result "0-1"]
[WhiteElo "2547"]
[BlackElo "2751"]
[TimeControl "180+1"]
[EndTime "8:38:13 PDT"]
[Termination "Man-Chuk won by checkmate"]

1. e4 c5 2. Nc3 Nc6 3. Bb5 Nd4 4.
Nf3 e6 5. O-O a6 6. Bd3 Nc6 7. Re1 d6 8. Bf1 Nf6 9. d4 cxd4 10.
Nxd4 Qc7 11. g3 Be7 12. Bg2 O-O 13. a4 Bd7 14. Nxc6 Bxc6 15. a5 Rfd8 16. Be3 Nd7 17. Qd2 Rac8 18. Bd4 Bf6 19. Red1 Bxd4 20. Qxd4 Nc5 21.
b4 e5 22. Qd2 Ne6 23. Rac1 h6 24. Ne2 b6 25. axb6 Qxb6 26. c4 Ba4 27. Re1 Bb3 28. Qd3 Qxb4 29. Rb1 Bxc4 30. Qe3 Qc5 31. Qd2 Bxe2 32. Qxe2 Nd4 33. Qxa6 Ra8 34. Qd3 Ra3 35. Qd1 Ra2 36. Rc1 Qa7 37. Re3 Rb8 38. Kh1 Rxf2 39. Qe1 Rbb2 40. Bf1 Rxh2+ 41. Kg1 Nf3# 0-1

[Event "Early-Titled-Tuesday-Blitz-October-10-2023"]
[Site "Chess.com"]
[Date "2023.10.10"]
[Round "4"]
[White "Alina_Gumerovna"]
[Black "ChessQueen"]
[Result "1/2-1/2"]
[WhiteElo "2096"]
[BlackElo "2706"]
[TimeControl "180+1"]
[EndTime "8:38:13 PDT"]
[Termination "Game drawn by repetition"]

1. e4 c6 2. d4 d5 3. Nc3 dxe4 4. Nxe4 Nf6 5. Nxf6+ exf6 6. Nf3 Bd6 7. Be2 O-O 8.
O-O Be6 9. Be3 Nd7 10. h3 Rc8 11. c4 Bb8 12. Qd2 Qc7 13. Rad1 Rfd8 14. d5 Nf8 15. dxe6 Rxd2 16. exf7+ Qxf7 17. Rxd2 c5 18. Rfd1 b6 19. b3 Ne6 20. Rd7 Qe8 21. Bd3 Rd8 22. Rxd8 Nxd8 23. Be4 Bc7 24. Bd5+ Kh8 25. Re1 Qf8 26.
Bd2 Nf7 27. Bc3 Ne5 28. Nxe5 fxe5 29. Bxe5 Bxe5 30. Rxe5 g6 31. Re3 Qf6 32. a4 Qd6 33. g3 Qd7 34. Kg2 Kg7 35. h4 Qd8 36. Rf3 Qe8 37. Rf7+ Kh8 38. Rxa7 Qe5 39. Ra8+ Kg7 40. Rg8+ Kh6 41. Rf8 Qb2 42. Rf3 Qa2 43. Re3 Kg7 44. Re7+ Kf6 45. Re3 Kg7 46. Rf3 Qb2 47. Rf7+ Kh8 48.
Rf3 Kg7 49. Rf7+ Kh8 50. Rf3 Kg7 1/2-1/2

[Event "Early-Titled-Tuesday-Blitz-October-10-2023"]
[Site "Chess.com"]
[Date "2023.10.10"]
[Round "4"]
[White "LUISMIGUELOV"]
[Black "Zampronha1971"]
[Result "1-0"]
[WhiteElo "2141"]
[BlackElo "2282"]
[TimeControl "180+1"]
[EndTime "8:38:14 PDT"]
[Termination "LUISMIGUELOV won by resignation"]

1. d4 Nf6 2. Bf4 e6 3. e3 c5 4. c3 d5 5. Bd3 Nc6 6. Nf3 Bd6 7. dxc5 Bxc5 8. Nbd2 O-O 9. O-O Re8 10. Ne5 Nxe5 11.
Bxe5 Bd6 12. Nf3 Bxe5 13. Nxe5 Bd7 14. Qc2 h6 15. Rad1 Qc7 16. Nxd7 Nxd7 17. e4 Nb6 18. exd5 Nxd5 19. Be4 Nf6 20. Bf3 Rad8 21. g3 b6 22. Kg2 Qc5 23. h4 h5 24. Qe2 g6 25. a3 Kg7 26.
Rxd8 Rxd8 27. Rd1 Rxd1 28. Qxd1 Qb5 29. Qe2 Qxe2 30. Bxe2 Nd7 31. b4 Kf6 32. f4 Ke7 33. Kf3 Kd6 34. Ke4 Nf6+ 35. Kd4 Nd7 36. c4 f6 37. Bd3 e5+ 38. fxe5+ fxe5+ 39. Ke3 Nf8 40. Be4 Ke6 41. c5 bxc5 42. bxc5 Kf6 43. c6 Ke7 44. Kd3 Kd6 45. Kc4 Ne6 46. Bxg6 Kxc6 47. Bxh5 Nd4 48. Bd1 Kd6 49. g4 Ke6 50. g5 Kf5 51. Kd5 Nb5 52. Bc2+ Kf4 53. g6 Nc7+ 54. Kd6 Ne8+ 55. Ke7 Ng7 56. Kf7 Nh5 57. g7 Nxg7 58. Kxg7 Kg4 59.
Kf6 Kxh4 60. Kxe5 Kg5 61. a4 1-0

[Event "Early-Titled-Tuesday-Blitz-October-10-2023"]
[Site "Chess.com"]
[Date "2023.10.10"]
[Round "4"]
[White "BlueWizzard"]
[Black "Roman_Ovetchkin"]
[Result "1-0"]
[WhiteElo "2924"]
[BlackElo "2704"]
[TimeControl "180+1"]
[EndTime "8:38:15 PDT"]
[Termination "BlueWizzard won on time"]

1. d4 Nf6 2. Nc3 d5 3. Bg5 Bf5 4. h4 Nbd7 5. e3 e6 6. Bd3 Bxd3 7. Qxd3 Be7 8. Nf3 O-O 9. e4 dxe4 10. Nxe4 c5 11. O-O-O cxd4 12. Qxd4 Qa5 13. Kb1 Rac8 14. c3 Qf5 15. Nd2 Bc5 16. Qd3 Nxe4 17. Nxe4 Ne5 18.
Qc2 f6 19. Bc1 Be7 20. f3 Nc4 21. Ka1 Rfd8 22. Qb3 b5 23. Rhe1 a6 24. Ng3 Qg6 25.
Bf4 e5 26. h5 Qf7 27. Bc1 f5 28. h6 g6 29. Nf1 Qe6 30. g4 Kf7 31. gxf5 gxf5 32.
Qc2 Rxd1 33. Rxd1 Rd8 34. Re1 Bf6 35. Qf2 Rd7 36. Ng3 Nd6 37. Nh5 Ne8 38. Qg2 Qd5 39.
Rg1 Ke7 40. Qc2 Qe6 41. Ng7 Bxg7 42. hxg7 Nf6 43. Bg5 Rd8 44. Qf2 Kf7 45. Qh4 Rg8 46. Bh6 1-0

[Event "Early-Titled-Tuesday-Blitz-October-10-2023"]
[Site "Chess.com"]
[Date "2023.10.10"]
[Round "4"]
[White "Mikhail_Golubev"]
[Black "sergoy"]
[Result "0-1"]
[WhiteElo "2612"]
[BlackElo "3008"]
[TimeControl "180+1"]
[EndTime "8:38:15 PDT"]
[Termination "sergoy won by checkmate"]

1. e4 c5 2. Nf3 d6 3. d4 cxd4 4. Nxd4 Nf6 5. Nc3 a6 6. Bc4 e6 7. O-O Be7 8. a4 O-O 9. Be3 Nc6 10. Qe2 Qc7 11. Rad1 b6 12. Nxc6 Qxc6 13. f3 Bb7 14. Bb3 Rfc8 15. Qf2 b5 16. axb5 axb5 17. Ne2 Qc7 18. Nd4 b4 19. Nxe6 fxe6 20. Bxe6+ Kh8 21. Bxc8 Rxc8 22. c3 bxc3 23. bxc3 d5 24. exd5 Nxd5 25. Bd4 Bd6 26. Qh4 Bc5 27. Rf2 Kg8 28. Qg3 Bd6 29. Qh4 Be7 30. Qg3 Qxg3 31. hxg3 h5 32. Re2 Kf7 33. Re5 g6 34. Rde1 Bd6 35. Rg5 Nxc3 36. Bxc3 Rxc3 37. Rd1 Be7 38. Re5 Bc6 39. Kh2 Bf6 40. Ra5 g5 41. f4 Rc2 42. Rg1 gxf4 43. gxf4 h4 44. Rh5 Be4 45. Kh3 Rc3+ 46. Kg4 Rg3# 0-1

[Event "Early-Titled-Tuesday-Blitz-October-10-2023"]
[Site "Chess.com"]
[Date "2023.10.10"]
[Round "4"]
[White "ChessRespected"]
[Black "GalaxyRoman"]
[Result "0-1"]
[WhiteElo "2561"]
[BlackElo "2800"]
[TimeControl "180+1"]
[EndTime "8:38:16 PDT"]
[Termination "GalaxyRoman won on time"]

1. d4 Nf6 2. Nf3 e6 3. e3 b6 4. Bd3 Bb7 5. O-O Be7 6. c4 O-O 7. Nc3 c5 8. d5 d6 9. e4 e5 10. a3 Nbd7 11. b4 a5 12. bxa5 Rxa5 13. Nd2 Ne8 14. Nb3 Ra8 15. a4 Nc7 16. a5 Bg5 17. axb6 Nxb6 18. Rxa8 Bxa8 19. Bxg5 Qxg5 20. Qa1 f5 21.
Qa7 Ncxd5 22. cxd5 fxe4 23. Nxe4 Qd8 24. Nbd2 Nxd5 25.
Bc4 Kh8 26. Bxd5 Bxd5 27. Nc3 Bxg2 28. Kxg2 Qg5+ 29. Kh1 Qxd2 30. Qe7 Rb8 31. Rg1 Rg8 32. Ne4 Qd5 33. f3 Qd3 34. Qf7 h6 35. Qf5 c4 36.
Ng5 Qxf5 37. Nf7+ Qxf7 38. Rxg7 Qf6 39. Rh7+ Kxh7 0-1

[Event "Early-Titled-Tuesday-Blitz-October-10-2023"]
[Site "Chess.com"]
[Date "2023.10.10"]
[Round "4"]
[White "kingapolak"]
[Black "fu24"]
[Result "0-1"]
[WhiteElo "2053"]
[BlackElo "2619"]
[TimeControl "180+1"]
[EndTime "8:38:16 PDT"]
[Termination "fu24 won on time"]

1. e4 e6 2. d4 d5 3. Nd2 dxe4 4. Nxe4 Bd7 5. Nf3 Bc6 6. Bd3 Nd7 7. c3 Ngf6 8. Qc2 Be7 9. Bf4 Bxe4 10. Bxe4 c6 11. Bd3 a5 12. O-O-O a4 13. a3 Qa5 14. Ne5 Nxe5 15.
Bxe5 O-O-O 16. Kb1 Rd7 17. Rhe1 g6 18. g4 Rhd8 19. h3 Nd5 20. c4 Nc7 21. Be4 Kb8 22.
Rd3 f6 23. Bxc7+ Qxc7 24. Red1 Qa5 25. f4 f5 26. Bf3 Bf6 27. d5 exd5 28. cxd5 fxg4 29.
hxg4 cxd5 30. g5 Bg7 31. Qg2 d4 32. Rc1 Rc7 33. Rxc7 Qxc7 34. Rd1 Rc8 35. Ka1 Qb6 36. Bg4 Rc7 37. Qd5 Rc2 38. Rb1 Ka7 39. Qd7 Rc7 40.
Qxa4+ Kb8 41. Qe8+ Ka7 0-1

[Event "Early-Titled-Tuesday-Blitz-October-10-2023"]
[Site "Chess.com"]
[Date "2023.10.10"]
[Round "4"]
[White "Ishowmoves57"]
[Black "maracayo"]
[Result "1/2-1/2"]
[WhiteElo "2184"]
[BlackElo "2374"]
[TimeControl "180+1"]
[EndTime "8:38:16 PDT"]
[Termination "Game drawn by repetition"]

1. e4 d6 2. d4 Nf6 3. Nc3 c6 4.
Be3 Qa5 5. Qd2 e5 6. h3 Nbd7 7. Nf3 Be7 8. Be2 O-O 9. O-O Qc7 10. a4 Re8 11. Bd3 h6 12. Ne2 Bf8 13. Ng3 exd4 14.
Bxd4 Ne5 15. Nxe5 dxe5 16. Be3 Be6 17. Qc3 a5 18. Bc4 Bb4 19. Qb3 b5 20. Bxe6 Rxe6 21. axb5 cxb5 22. c3 Bc5 23. Qxb5 Bxe3 24. fxe3 Rb6 25.
Qe2 Rab8 26. Ra2 Qc5 27. Rf2 g6 28. Qf3 Kg7 29. Qe2 R8b7 30. Qf3 Rb5 31. Qe2 R7b6 32. Qf3 Qc4 33. b4 axb4 34. cxb4 Qxb4 35. Rac2 Qe7 36. Kh2 Qe6 37. Rce2 h5 38. Nf1 Rb1 39. Qg3 h4 40.
Qf3 R1b3 41. Nd2 Rb2 42. Nf1 Rxe2 43. Rxe2 Rb4 44. Nd2 Qa6 45. Rf2 Qe6 46. Nf1 Rb3 47. Nd2 Rb4 48. Rf1 Rb2 49. Rf2 Rb4 1/2-1/2

[Event "Early-Titled-Tuesday-Blitz-October-10-2023"]
[Site "Chess.com"]
[Date "2023.10.10"]
[Round "4"]
[White "levallem"]
[Black "Djager97"]
[Result "0-1"]
[WhiteElo "2384"]
[BlackElo "2574"]
[TimeControl "180+1"]
[EndTime "8:38:17 PDT"]
[Termination "Djager97 won by resignation"]

1. d4 d5 2. Nf3 Nf6 3. e3 c5 4. Bd3 Nc6 5. O-O Bg4 6. c3 e6 7. Nbd2 Bd6 8. h3 Bh5 9. dxc5 Bxc5 10.
b4 Bd6 11. Qa4 O-O 12. Bb2 a6 13. a3 e5 14. Bb1 e4 15. Nd4 Nxd4 16. cxd4 Rc8 17.
Ba2 Bb8 18. Rac1 Qd6 19. g3 Be2 20. Rxc8 Rxc8 21. Rc1 Rxc1+ 22. Bxc1 h5 23. Qc2 h4 24. Nxe4 Nxe4 25. Qxe2 hxg3 26. f4 Qe6 27. Kg2 Nc3 28.
Qc2 Nxa2 29. Qxa2 g5 30. Kxg3 gxf4+ 31. exf4 Qe1+ 32. Kf3 Qxc1 33. Qg2+ Kf8 34. Qg5 Qf1+ 35. Kg4 Qg2+ 36. Kf5 Qe4+ 37. Kg4 Qg6 38. h4 Ba7 39. h5 Qxg5+ 40. fxg5 Bxd4 41. Kf5 Kg7 42. a4 b5 43. axb5 axb5 44. g6 fxg6+ 45. hxg6 Bc3 46. Ke6 Bxb4 47. Kxd5 Bf8 48. Kd4 b4 49. Kc4 Kxg6 50. Kb3 Kf5 51. Kc2 Ke4 52. Kb3 Kd4 53. Kc2 Kc4 54. Kb2 b3 55.
Kb1 Kc3 56. Kc1 b2+ 57. Kb1 Bh6 58. Ka2 Kc2 59. Ka3 b1=Q 0-1

[Event "Early-Titled-Tuesday-Blitz-October-10-2023"]
[Site "Chess.com"]
[Date "2023.10.10"]
[Round "4"]
[White "tdf98pantani"]
[Black "Daniel_Salinas"]
[Result "1-0"]
[WhiteElo "2635"]
[BlackElo "2435"]
[TimeControl "180+1"]
[EndTime "8:38:18 PDT"]
[Termination "tdf98pantani won by resignation"]

1. e4 d6 2. Nc3 Nf6 3. d4 e5 4. dxe5 dxe5 5. Qxd8+ Kxd8 6. Bc4 Ke8 7. Nf3 Bd6 8. Nb5 Nxe4 9. O-O a6 10. Nxd6+ cxd6 11. b3 Be6 12. Bxe6 fxe6 13. Ba3 Nc6 14. c4 Rd8 15. Rfe1 Nf6 16. c5 d5 17. Nxe5 Nxe5 18. Rxe5 Kf7 19. Rae1 Rhe8 20. f3 Rd7 21. Bb2 d4 22.
Rd1 d3 23. Rd2 Red8 24. Re3 Rd5 25. b4 a5 26. a3 axb4 27. axb4 Ne8 28. Re5 Nc7 29. Kf2 R5d7 30. h4 Nd5 31. Re4 Nf6 32.
Rc4 Rd5 33. g4 h6 34. h5 e5 35. Ke3 Ke6 36. Bc3 R8d7 37. b5 Rc7 38. Bb4 b6 39. Rxd3 bxc5 40. b6 Rb7 41. Bxc5 Rxd3+ 42. Kxd3 Kd5 43.
Be3 Kd6 44. Ra4 Nd5 45. Ra7 Rb8 46. Rxg7 Rc8 47. b7 Rc3+ 48. Kd2 Rb3 49. Ba7 1-0

[Event "Early-Titled-Tuesday-Blitz-October-10-2023"]
[Site "Chess.com"]
[Date "2023.10.10"]
[Round "4"]
[White "LangesNasenhaar"]
[Black "HanSchut"]
[Result "1-0"]
[WhiteElo "2560"]
[BlackElo "2354"]
[TimeControl "180+1"]
[EndTime "8:38:18 PDT"]
[Termination "LangesNasenhaar won on time"]

1. d4 Nf6 2. Nc3 g6 3. e4 d6 4. Bg5 Bg7 5. e5 Ng8 6. exd6 cxd6 7. Nf3 Nf6 8. Qd2 Bg4 9. Be2 Nc6 10. h3 Bxf3 11. Bxf3 d5 12. O-O-O e6 13. Bh6 Bxh6 14. Qxh6 Qe7 15. Kb1 O-O-O 16. Qe3 Nd7 17. Na4 Qb4 18. Qb3 Qxb3 19. axb3 b6 20. h4 h5 21. Rhe1 Kc7 22.
Nc3 a6 23. Be2 Kb7 24. f3 Ndb8 25. Rh1 b5 26. Na2 Nd7 27. c3 Nf6 28. Nc1 Rh7 29.
Nd3 Rdh8 30. b4 Nd7 31. Kc2 Rc8 32. Nc5+ Nxc5 33. bxc5 Nb8 34. b4 Kc6 35. g4 Rch8 36. g5 Rf8 37. f4 Rhh8 38. Bd3 Re8 39. Rhe1 Rhg8 40. Kd2 Kb7 41. Ke3 Nc6 42. Kf3 Ra8 43.
f5 gxf5 44. Kf4 Ne7 45. Be2 Ng6+ 46. Kg3 f4+ 47. Kh3 Rh8 48. Rf1 Raf8 49. Bd3 Rhg8 50. Rde1 Kc7 51. Re2 Kd7 52. Ref2 f6 53. Bxg6 Rxg6 54.
Rxf4 f5 55. Ra1 Ra8 56. Rf2 Kc6 57. Kg3 Kd7 58. Kf4 Rgg8 59. Rfa2 1-0

[Event "Early-Titled-Tuesday-Blitz-October-10-2023"]
[Site "Chess.com"]
[Date "2023.10.10"]
[Round "4"]
[White "MITerryble"]
[Black "MightyGMpretender"]
[Result "1-0"]
[WhiteElo "3018"]
[BlackElo "2757"]
[TimeControl "180+1"]
[EndTime "8:38:19 PDT"]
[Termination "MITerryble won by resignation"]

1. d4 d5 2. Nf3 Nf6 3. c4 e6 4. e3 Nbd7 5. b3 b6 6. Bd3 Bb7 7. O-O Bd6 8. Bb2 O-O 9. Nbd2 Ne4 10. a3 f5 11. b4 c6 12. Ne5 Nxd2 13. Qxd2 Bxe5 14.
dxe5 Nxe5 15. Bxe5 dxc4 16. Qb2 cxd3 17. Bxg7 Rf7 18.
Be5 Qd5 19. f3 h6 20. Rac1 Kh7 21. Qc3 Rg8 22. Rf2 c5 23. bxc5 bxc5 24. Kh1 c4 25.
Bf4 Rfg7 26. Bg3 h5 27. Rg1 Rg6 28. Bf4 h4 29. h3 Re8 30. Be5 Rd8 31. Bd4 Rdg8 32.
Kh2 Qd6+ 33. Be5 Qd5 34. Bf4 Bc6 35. Be5 a6 36. Bf4 R8g7 37. Be5 Rg8 38. Bf4 Re8 39. Be5 Rd8 40. Rd2 Rdg8 41. Rf2 Ba4 42. Bf4 Bb3 43. Be5 Qd7 44. Bf4 Qf7 45. Be5 Qe7 46. Qd4 Qg5 47. Bf4 Qh5 48. Be5 Rh6 49. Qd7+ Kg6 50. Qxe6+ Kh7 51. Qe7+ Kg6 52. g4 1-0

[Event "Early-Titled-Tuesday-Blitz-October-10-2023"]
[Site "Chess.com"]
[Date "2023.10.10"]
[Round "4"]
[White "dziththaulydcc"]
[Black "Harry_Rakkel"]
[Result "1-0"]
[WhiteElo "2798"]
[BlackElo "2635"]
[TimeControl "180+1"]
[EndTime "8:38:19 PDT"]
[Termination "dziththaulydcc won on time"]

1. d4 Nf6 2. Nf3 e6 3. Bf4 b6 4. Nbd2 Bb7 5. c3 Be7 6. Qc2 Nh5 7.
Bg3 d6 8. e4 Nd7 9. Bd3 c5 10.
O-O g6 11. Rae1 a6 12. Nc4 Nxg3 13. fxg3 b5 14. Ne3 c4 15. Be2 h5 16. e5 d5 17.
Bd1 Nb6 18. Qf2 Rh7 19. Bc2 Kd7 20. Nh4 Qg8 21. Nf3 Bc6 22. h4 Qd8 23. Qd2 a5 24.
Nd1 Rg7 25. Ng5 Bxg5 26. hxg5 Nc8 27. Rf6 Ne7 28. Ref1 Ke8 29. Ne3 Rb8 30. g4 hxg4 31. Nxg4 Nf5 32. Bxf5 gxf5 33. Nh6 Ke7 34. Nxf5+ exf5 35. Rxc6 Qh8 36. Rxf5 Qh4 37. Qf2 Qxf2+ 38. Kxf2 b4 39.
g6 Rb7 40. gxf7 Rxf7 41. Rxf7+ Kxf7 42. Rc5 bxc3 43. bxc3 Rb2+ 44. Kf3 Rc2 45. Rxd5 Rxc3+ 46. Ke4 Ra3 47. Rc5 1-0

[Event "Early-Titled-Tuesday-Blitz-October-10-2023"]
[Site "Chess.com"]
[Date "2023.10.10"]
[Round "4"]
[White "Actuary44"]
[Black "Leonid_Starozhilov"]
[Result "0-1"]
[WhiteElo "2517"]
[BlackElo "2735"]
[TimeControl "180+1"]
[EndTime "8:38:19 PDT"]
[Termination "Leonid_Starozhilov won by checkmate"]

1. e4 g6 2. d4 Bg7 3. Nc3 d6 4. Be3 a6 5. f3 b5 6. Qd2 Nd7 7.
O-O-O Bb7 8. h4 h5 9. Nh3 Ngf6 10. Ng5 Nh7 11. Nxh7 Rxh7 12. Bd3 e6 13. g4 Qe7 14. gxh5 Rxh5 15. Bg5 Bf6 16. Ne2 O-O-O 17. Bxf6 Qxf6 18. a4 bxa4 19. Qb4 Qxf3 20. Qxa4 Nb6 21. Qa3 Rdh8 22.
Rhf1 Qe3+ 23. Kb1 f5 24. Nf4 fxe4 25. Nxh5 exd3 26. Rxd3 Qe2 27. Ng3 Qg2 28. Rc3 Kb8 29. Rf7 Qg1+ 30. Ka2 Nd5 31. Rb3 Qxd4 32. Ne2 Qc4 33. Nc3 Nb6 34. Qb4 Rxh4 35. Rf8+ Ka7 36. Qxc4 Rxc4 37. Rg8 Rg4 38. Rg7 Kb8 39. Ne2 e5 40.
Rc3 Nd5 41. Rb3 a5 42. Nc1 Nb4+ 43. Kb1 Be4 44. Na2 Rg1+ 45. Nc1 Bxc2+ 46. Ka1 Rxc1# 0-1

[Event "Early-Titled-Tuesday-Blitz-October-10-2023"]
[Site "Chess.com"]
[Date "2023.10.10"]
[Round "4"]
[White "Iskusnyh"]
[Black "Eloist"]
[Result "1-0"]
[WhiteElo "2594"]
[BlackElo "2435"]
[TimeControl "180+1"]
[EndTime "8:38:20 PDT"]
[Termination "Iskusnyh won on time"]

1. d4 e6 2. c4 Nf6 3. g3 d5 4. Bg2 c5 5. cxd5 Nxd5 6. Nf3 cxd4 7. Nxd4 Bc5 8. Nb3 Bb6 9. O-O O-O 10. Na3 Nc6 11. Nc4 Bc7 12. Ne3 Nce7 13. Nxd5 Nxd5 14. Bd2 Be5 15. e4 Ne7 16. Bb4 Bd7 17. Qd2 Re8 18.
Rad1 Nc6 19. Ba3 Bc8 20. Qxd8 Rxd8 21. Rxd8+ Nxd8 22. f4 Bc7 23. Rc1 Nc6 24. e5 Bb6+ 25. Bc5 Bd7 26. Bxb6 axb6 27. a3 Kf8 28. Nd2 Nd4 29. Rc4 Nc6 30. Ne4 Ke7 31. Nd6 Ra7 32. Nxb7 Rxb7 33. Bxc6 Bxc6 34. Rxc6 f6 35. Kf2 fxe5 36.
fxe5 b5 37. Ke3 b4 38. a4 b3 39. Kd4 Rb4+ 40. Rc4 Rb7 41. Kc3 h5 42. a5 g5 43. a6 Ra7 44. Ra4 Kd7 45. Kxb3 Kc6 46. Kc4 Kb6 47. b4 1-0

[Event "Early-Titled-Tuesday-Blitz-October-10-2023"]
[Site "Chess.com"]
[Date "2023.10.10"]
[Round "4"]
[White "Alphafischer2019"]
[Black "adotand"]
[Result "0-1"]
[WhiteElo "2592"]
[BlackElo "2863"]
[TimeControl "180+1"]
[EndTime "8:38:22 PDT"]
[Termination "adotand won by checkmate"]

1. d4 Nf6 2. Bf4 g6 3. e3 Bg7 4. Nf3 O-O 5. Be2 c5 6. c3 d6 7. h3 Qb6 8. Qb3 Be6 9. Qa3 cxd4 10. exd4 Nd5 11. Bh2 Bf5 12. Nbd2 Nd7 13. O-O N7f6 14. Rfe1 Qc7 15. Bf1 Rfe8 16. Nc4 b5 17. Ncd2 a6 18.
Qb3 Rab8 19. a3 h5 20. Bg3 Bh6 21. Bh4 Qc6 22. Bg5 Bxg5 23. Nxg5 Kg7 24. g3 e6 25.
Bg2 Qc7 26. Qd1 a5 27. Qe2 Qd8 28. Nf1 Nd7 29. Qd2 N7b6 30. h4 a4 31. Ne3 Nxe3 32.
Qxe3 Nc4 33. Qe2 Qf6 34. Kh2 Re7 35. Ne4 Bxe4 36. Bxe4 e5 37. Bd3 Rc8 38. Bxc4 bxc4 39. Rad1 e4 40. Qd2 d5 41. Kg1 Rb8 42. Re2 Reb7 43.
Rb1 Qf5 44. Qd1 Rb3 45. Qc1 f6 46. Ra1 g5 47. hxg5 fxg5 48. Ra2 Kg6 49. Qe3 Qg4 50. Rd2 Rf8 51. Ra1 Rf3 52. Qe2 h4 53. Kg2 hxg3 54. Rf1 gxf2+ 55. Kh2 Rh3# 0-1

[Event "Early-Titled-Tuesday-Blitz-October-10-2023"]
[Site "Chess.com"]
[Date "2023.10.10"]
[Round "4"]
[White "SAInt_666"]
[Black "DrVelja"]
[Result "1-0"]
[WhiteElo "2680"]
[BlackElo "2835"]
[TimeControl "180+1"]
[EndTime "8:38:23 PDT"]
[Termination "SAInt_666 won by checkmate"]

1. e4 c5 2. Nf3 Nc6 3. Bb5 e6 4. O-O Nge7 5. d4 cxd4 6. Nxd4 Ng6 7. Be3 Be7 8. Be2 O-O 9. c4 b6 10. Nc3 Bb7 11. b3 Nxd4 12. Bxd4 f5 13. exf5 Nh4 14.
f3 Nxf5 15. Bf2 Bc5 16. Qd2 Qf6 17. Rad1 Rad8 18. Bd3 Bb4 19. Rc1 Nh4 20. Bg3 Qd4+ 21. Kh1 Nxf3 22. Rxf3 Bxc3 23. Rxf8+ Rxf8 24. Qxc3 Qg4 25. Qd2 h5 26. Rf1 Rxf1+ 27. Bxf1 h4 28. Qf4 Qd1 29.
Bxh4 e5 30. Qf2 e4 31. Qe2 Qc1 32. Bf2 d5 33. Be3 Qa1 34. cxd5 Bxd5 35. h3 Bf7 36. Kh2 Qe5+ 37. g3 Bg6 38. Qf2 Kh7 39. Bc4 b5 40. Be2 a5 41. Bg4 a4 42. bxa4 bxa4 43. Bd1 Qb5 44. h4 Bf5 45. Qe2 Qd5 46. Bxa4 Bc8 47. Bb3 Qf5 48. Bf4 Qh3+ 49. Kg1 e3 50. Qh5# 1-0

[Event "Early-Titled-Tuesday-Blitz-October-10-2023"]
[Site "Chess.com"]
[Date "2023.10.10"]
[Round "4"]
[White "K_A_S_T_O_R"]
[Black "CheckThis4"]
[Result "1/2-1/2"]
[WhiteElo "2884"]
[BlackElo "2723"]
[TimeControl "180+1"]
[EndTime "8:38:31 PDT"]
[Termination "Game drawn - insufficient material"]

1. e4 e6 2. d4 d5 3. Nc3 Bb4 4. e5 c5 5. Bd2 Ne7 6. Nb5 Bxd2+ 7.
Qxd2 O-O 8. c3 Nbc6 9. f4 cxd4 10. cxd4 Bd7 11. Nf3 a6 12. Nc3 b5 13. Bd3 Na5 14. b3 b4 15. Ne2 Qb6 16. O-O Rab8 17. Rac1 Bb5 18. Bxb5 Qxb5 19. Rc5 Qb6 20. Rfc1 Rfc8 21.
Qc2 Rxc5 22. Qxc5 Qxc5 23. Rxc5 Nac6 24. g4 g6 25. Kf2 Kf8 26. Ke3 Ke8 27. Ng5 h6 28.
Nh7 Kd7 29. Nf6+ Kc7 30. Ng3 a5 31. Rc2 Ra8 32. f5 gxf5 33. gxf5 a4 34. bxa4 Rxa4 35.
fxe6 Ra3+ 36. Kf4 fxe6 37. Ne2 Rh3 38. Ng3 Rh4+ 39. Ng4 h5 40. Nxh5 Rxh5 41. Nf6 Rh8 42. Kg5 Kb6 43. Nd7+ Kb5 44. Rc5+ Ka4 45. Kf6 Rxh2 46.
Kxe6 Rxa2 47. Nb6+ Ka3 48. Nxd5 Nxd4+ 49. Kxe7 b3 50. Ne3 Re2 51. Nd1 Re1 52. Nc3 Rxe5+ 53. Rxe5 Nc6+ 54. Kd6 Nxe5 55. Kxe5 Kb2 56. Kd4 Kc2 57.
Kc4 b2 58. Kb4 b1=Q+ 59. Nxb1 1/2-1/2

[Event "Early-Titled-Tuesday-Blitz-October-10-2023"]
[Site "Chess.com"]
[Date "2023.10.10"]
[Round "4"]
[White "Witik"]
[Black "Triumphmate"]
[Result "0-1"]
[WhiteElo "2696"]
[BlackElo "2519"]
[TimeControl "180+1"]
[EndTime "8:38:33 PDT"]
[Termination "Triumphmate won on time"]

1. d4 d5 2. Bf4 e6 3. e3 Bd6 4. Nd2 f5 5. Ngf3 Nf6 6. g3 O-O 7. Bg2 c5 8. c3 Nc6 9. O-O Ne4 10. Bxd6 Qxd6 11. Ne1 b6 12. f3 Nxd2 13. Qxd2 e5 14. Nc2 e4 15. dxc5 Qxc5 16. b4 Qc4 17. Na3 Qd3 18.
Qxd3 exd3 19. Rfd1 Be6 20. f4 Rfd8 21. Rxd3 Rac8 22.
Rad1 Ne7 23. Nb5 a6 24. Nd4 Bf7 25. Nf3 g6 26. a3 b5 27. Ne5 Be6 28. g4 Rc7 29. g5 Rdc8 30. Rc1 Kg7 31. h4 Nc6 32. Nf3 a5 33. Bf1 h6 34. Rdd1 Na7 35. Nd4 Bd7 36. Rd3 axb4 37. axb4 hxg5 38. hxg5 Rc4 39. Ra1 R8c7 40.
Ra3 Nc8 41. Bg2 Nb6 42. Ra6 Na4 43. Bxd5 Rxc3 44. Rxc3 Nxc3 45. Bf3 Nb1 46. Rb6 Nd2 0-1

[Event "Early-Titled-Tuesday-Blitz-October-10-2023"]
[Site "Chess.com"]
[Date "2023.10.10"]
[Round "4"]
[White "MrTattaglia"]
[Black "Ali_rastbod"]
[Result "0-1"]
[WhiteElo "2899"]
[BlackElo "2748"]
[TimeControl "180+1"]
[EndTime "8:38:35 PDT"]
[Termination "Ali_rastbod won by resignation"]

1. d4 Nf6 2. c4 e6 3. Nc3 Bb4 4. Qc2 d5 5. Nf3 dxc4 6. e4 b5 7. a4 c6 8. g3 O-O 9. Bg2 a5 10.
e5 Nd5 11. Ng5 g6 12. h4 Nxc3 13. bxc3 Qxd4 14. cxb4 Qxa1 15. O-O Qxa4 16. Qe4 Qxb4 17. h5 c3 18. Qf3 Nd7 19. Ne4 Nxe5 20. Qf4 f5 21. Qxe5 fxe4 22. hxg6 hxg6 23. Bxe4 Qe7 24. Qxc3 Qf6 25. Qxc6 Ba6 26. Be3 b4 27. Rd1 Be2 28.
Rd6 Rac8 29. Qb6 Rb8 30. Qxa5 Bf3 31. Bxf3 Qxf3 32. Rxe6 Qf5 33. Qa6 Kh7 34. Qa7+ Rf7 35. Re7 Rf8 36. Rb7 Rxb7 37. Qxb7+ Rf7 38. Qxb4 g5 39. Qd6 Qf6 40. Qd5 Qf5 41. Qc4 Qg6 42. Bxg5 Rf5 43. Be3 Rf7 44. Qh4+ Kg8 45. Bd4 Qb1+ 46.
Kg2 Qb7+ 47. Kg1 Qb1+ 48. Kg2 Qb7+ 49. f3 Qxf3+ 50. Kh2 Qe2+ 51. Kh3 Rh7 0-1